Unix NetHack Version 5.0.0-0 post-release - last build Jul 14 2026 02:55:29 (1809b74e8187c3a3585e283601c3028b46cbbdcb,branch:main).

Game began 2026-07-15 14:16:26, ended 2026-07-15 14:21:50.

Atrocia, lawful female human Knight

                   ---  ----
                    ..   ..
                    ..- -..-
                     ..--..--
                  --- ..G...---
                   .|  .......--
                  -.|  ........|
                  |.| --.......|
              --- |.---........---
              |..--))*..u@.......|
              |....<).))..G......|
              --.......--.--.....|
               --....------   ..%|
                ------         ..|
                               -.|
                                --

Atrocia the Gallant      St:16 Dx:10 Co:10 In:7 Wi:15 Ch:17  Lawful
Dlvl:3  $:2  HP:0(21) Pw:14(14) AC:1  Xp:2 T:648  Burdened

Latest messages:
 This newt corpse tastes okay.
 You finish eating the newt corpse.
 You feel a mild buzz.
 You stop waiting.
 The grid bug bites!
 You get zapped!
 You kill the grid bug!
 The grid bug just misses!
 The grid bug bites!
 You get zapped!
 You kill the grid bug!
 You fall down the stairs.
 The saddled pony hits the gnome.
 The gnome is killed!
 The saddled pony misses the gnome.
 The saddled pony bites the gnome.
 The saddled pony hits the gnome.
 The gnome is killed!
 You see here a candle.
 You have a little trouble lifting q - a candle.
 The saddled pony picks up a gnome corpse.
 The saddled pony drops a gnome corpse.
 There is a gnome corpse here; eat it? [ynq] (n) y
 This gnome corpse is tough.
 You stop eating the gnome corpse.
 There is a partly eaten gnome corpse here; eat it? [ynq] (n) y
 You resume your meal.
 The gnome wields a crossbow!
 The gnome shoots 2 crossbow bolts!
 You are almost hit by the 1st crossbow bolt.
 You stop eating the gnome corpse.
 The 2nd crossbow bolt misses you.
 There is a partly eaten gnome corpse here; eat it? [ynq] (n) y
 You resume your meal.
 The gnome shoots 2 crossbow bolts!
 You are hit by the 1st crossbow bolt.
 You stop eating the gnome corpse.
 The 2nd crossbow bolt misses you.
 The gnome shoots 2 crossbow bolts!
 The 1st crossbow bolt hits the saddled pony.
 The 2nd crossbow bolt misses the saddled pony.
 The 2nd crossbow bolt misses you.
 You see here a white gem.
 The gnome swings her crossbow.
 The gnome hits!
 You miss the gnome.
 The gnome swings her crossbow.
 The gnome hits!
 You die...
 Do you want your possessions identified? [ynq] (y) q

Inventory:
 Coins    ('$')
  $ - 2 gold pieces
 Weapons  (')')
  a - a +1 long sword (weapon in right hand)
  b - a +1 lance (alternate weapon; not wielded)
 Armor    ('[')
  d - an uncursed +0 helmet (being worn)
  f - an uncursed +0 pair of leather gloves (being worn)
  n - an uncursed +0 pair of iron shoes (being worn)
  e - an uncursed +0 small shield (being worn)
  o - an uncursed +0 dwarvish cloak (being worn)
  c - an uncursed +1 ring mail (being worn)
 Comestibles  ('%')
  g - 12 uncursed apples
  h - 12 uncursed carrots
  l - 2 uncursed food rations
  m - an uncursed orange
 Scrolls  ('?')
  i - an uncursed scroll of confuse monster
 Potions  ('!')
  k - an uncursed potion of healing
  j - an uncursed potion of paralysis
 Tools    ('(')
  p - a +0 pick-axe
  q - an uncursed tallow candle

Atrocia the Knight's attributes:

Background:
 You were a Gallant, a level 2 female human Knight.
 You were lawful, on a mission for Lugh
 who was opposed by Brigit (neutral) and Manannan Mac Lir (chaotic).
 You were right-handed.
 You were in the Gnomish Mines, on level 3.
 You entered the dungeon 648 turns ago.
 There was a new moon in effect when your adventure ended.
 You had 39 experience points, 1 more was needed to attain level 3.

Basics:
 You had 0 out of 21 hit points.
 You had all 14 energy points (spell power).
 Your armor class was 1.
 Your wallet contained 2 zorkmids.
 Autopickup was on for '$"?+!=/' plus thrown.

Final Characteristics:
 Your strength was 16 (limit:18/100).
 Your dexterity was 10 (limit:18).
 Your constitution was 10 (limit:18).
 Your intelligence was 7 (limit:18).
 Your wisdom was 15 (limit:18).
 Your charisma was 17 (limit:18).

Final Status:
 You weren't hungry.
 You were burdened; movement was slightly slowed.
 You were wielding a long sword.
 You had basic skill with long sword.

Final Attributes:
 You were fervently aligned.
 Your items were somewhat protected from fire.
 Your items were somewhat protected from cold.
 You could jump.
 You were warded.
 You are dead.

Miscellaneous:
 You didn't encounter any bones levels.
 Total elapsed playing time was 5 minutes and 23 seconds.

Major events:
 Turn
    1: Atrocia the lawful female human Knight entered the dungeon
  483: entered the Gnomish Mines
  648: killed by a gnome

You didn't know any spells.

Skills:
 Fighting Skills
   bare handed combat [Unskilled]
   two weapon combat  [Unskilled]
   riding             [Basic]
 Weapon Skills
   dagger             [Unskilled]
   knife              [Unskilled]
   axe                [Unskilled]
   pick-axe           [Unskilled]
   short sword        [Unskilled]
   broadsword         [Unskilled]
   long sword         [Basic]
   two-handed sword   [Unskilled]
   saber              [Unskilled]
   club               [Unskilled]
   mace               [Unskilled]
   morning star       [Unskilled]
   flail              [Unskilled]
   hammer             [Unskilled]
   polearms           [Unskilled]
   spear              [Unskilled]
   trident            [Unskilled]
   lance              [Basic]
   bow                [Unskilled]
   crossbow           [Unskilled]
 Spellcasting Skills
   attack spells      [Unskilled]
   healing spells     [Unskilled]
   clerical spells    [Unskilled]

Voluntary challenges:
 Character rerolling was not enabled.
 You were an atheist.
 You were illiterate.
 You never genocided any monsters.
 You never polymorphed an object.
 You never changed form.
 You used no wishes.
Achievements:
 You entered a shop.
 You entered the Gnomish Mines.

 The Dungeons of Doom: levels 1 to 3
    Level 1:
       A fountain.
    Level 2:
       A general store, a fountain.
       Stairs down to The Gnomish Mines.
    Level 3:
 The Gnomish Mines:
    Level 3: <- You were here.
       Final resting place for
          you, killed by a gnome.


Vanquished creatures:
  a shrieker
  a dwarf
  a giant rat
  3 gnomes
  2 jackals
  a kobold
  2 goblins
  3 grid bugs
  2 newts
16 creatures vanquished.

No species were genocided or became extinct.

Game over:
                       ----------
                      /          \
                     /    REST    \
                    /      IN      \
                   /     PEACE      \
                  /                  \
                  |     Atrocia      |
                  |       2 Au       |
                  |   killed by a    |
                  |      gnome       |
                  |                  |
                  |                  |
                  |       2026       |
                 *|     *  *  *      | *
        _________)/\\_//(\/(/\)/\//\/|_)_______

Fare thee well Atrocia the Knight...

You died in The Gnomish Mines on dungeon level 3 with 258 points,
and 2 pieces of gold, after 648 moves.
You were level 2 with a maximum of 21 hit points when you died.

